 Dungeon Crawl Stone Soup version 0.29.1-12-g30fa7ad0bf (webtiles) character file.

Game seed: 14981192043336108709

1031 cheesebisquit the Trooper (level 8, -9/71 HPs)
             Began as a Minotaur Berserker on Dec 19, 2022.
             Was a Believer of Trog.
             Mangled by an ogre
             ... wielding a +0 giant club
              (17 damage)
             ... on level 4 of the Dungeon on Dec 20, 2022.
             The game lasted 00:13:32 (3194 turns).

cheesebisquit the Trooper (Minotaur Berserker)      Turns: 3194, Time: 00:13:32

Health: -9/71      AC: 11    Str: 24    XL:     8   Next: 3%
Magic:  7/7        EV: 11    Int:  4    God:    Trog [**....]
Gold:   253        SH:  0    Dex: 10    Spells: 7/7 levels left

rFire   + . .      SeeInvis .   p - +0 flail
rCold   . . .      Faith    .   (no shield)
rNeg    . . .      Spirit   .   b - +1 scale mail {rF+}
rPois   .          Reflect  .   (helmet restricted)
rElec   .          Harm     .   t - +2 cloak
rCorr   .          Rampage  .   (no gloves)
Will    .....                   (no boots)
Stlth   ..........              (no amulet)
HPRegen 0.21/turn               (no ring)
MPRegen 0.10/turn               (no ring)

@: no status effects
A: horns 2, retaliatory headbutt
a: Renounce Religion, Berserk, Trog's Hand


You were on level 4 of the Dungeon.
You worshipped Trog.
Trog was pleased with you.
You visited 1 branch of the dungeon, and saw 4 of its levels.

You collected 253 gold pieces.

Inventory:

Hand Weapons
 d - a +0 whip of freezing
 i - a +1 mace of holy wrath
 p - a +0 flail (weapon)
Missiles
 h - 7 poisoned darts (quivered)
 k - 22 stones
Armour
 b - a +1 scale mail of fire resistance (worn)
 m - a +0 scale mail
 t - a +2 cloak (worn)
 u - a +0 ring mail
Wands
 a - a wand of roots (8)
Scrolls
 c - a scroll of teleportation
 e - 2 scrolls of blinking
 g - 2 scrolls of poison {unknown}
 l - 2 scrolls of immolation {unknown}
 o - 2 scrolls of enchant weapon {unknown}
 q - a scroll of identify
 s - a scroll of noise {unknown}
Potions
 f - 3 potions of heal wounds
 j - 2 potions of curing {unknown}
 n - 2 potions of might {unknown}
 r - a potion of lignification {unknown}


   Skills:
 + Level 6.6 Fighting
 + Level 6.6 Maces & Flails
 + Level 6.0 Armour
 + Level 5.5 Dodging


You had 7 spell levels left.
You didn't know any spells.
Your spell library was empty.

Dungeon Overview and Level Annotations

Branches:
Dungeon (4/15)             Temple (0/1) D:4

Altars:
Fedhas


Innate Abilities, Weirdness & Mutations

You have a pair of horns on your head.
You reflexively headbutt those who attack you in melee.


Message History

Found a stone staircase leading up.
You now have 253 gold pieces (gained 14).
An endoplasm comes into view.
The endoplasm quivers.
The endoplasm hits you but does no damage.
You sock the endoplasm!
You kill the endoplasm!
Trog accepts your kill.
Found a stone staircase leading down.
Found 3 boomerangs.
An endoplasm comes into view.
The endoplasm freezes you.
You are frozen.
You sock the endoplasm!
You kill the endoplasm!
Trog accepts your kill.
You see here 3 boomerangs.
An ogre comes into view. It is wielding a +0 giant club.
Found 12 gold pieces.
The ogre shouts!
Found a staircase to the Ecumenical Temple.
The ogre hits you with a +0 giant club!
You barely miss the ogre. You headbutt the ogre.
The ogre is lightly wounded.
The ogre hits you with a +0 giant club!
You hit the ogre but do no damage.
The ogre is lightly wounded.
You sock the ogre!
The ogre is heavily wounded.
The ogre hits you with a +0 giant club!!
You hit the ogre but do no damage.
The ogre is heavily wounded.
The ogre hits you with a +0 giant club!!
* * * LOW HITPOINT WARNING * * *
You hit the ogre.
The ogre is heavily wounded.
You hit the ogre.
The ogre is almost dead.
The ogre hits you with a +0 giant club!
You die...

..# ..# #≈≈≈#####≈≈≈#
[.# #≈≈≈#...#≈≈≈# ..#
#≈≈≈#.>.#≈≈≈# ..#
#≈≈≈#..$#≈≈≈# .)+
#≈≈≈##.##≈≈≈# >.#
#≈≈≈≈#.#≈≈≈≈#
).##.###.##≈≈≈≈#O#≈≈≈≈#
..........#≈≈≈≈#@#≈≈≈≈#
........>.######.######
.............# #.#
.###.##...##.# #.#
.###.##...##.# #.#
..........##.###.#
.#...............#
...#.##...########
...#.##...########


You could see an ogre.

Vanquished Creatures
  Pikel (D:4)
  2 ogres
  2 howler monkeys
  An orc priest (D:4)
  3 hounds (D:4)
  Natasha (thrice) (D:4)
  3 gnolls (D:4)
  A river rat (D:4)
  5 adders
  A worm (D:2)
  5 dart slugs
  5 orcs
  11 endoplasms
  A giant cockroach (D:1)
  4 goblins
  3 hobgoblins
  4 jackals (D:1)
  5 quokkas
  2 ball pythons
  6 bats
  2 frilled lizards
  7 kobolds
  A rat (D:1)
78 creatures vanquished.

Vanquished Creatures (others)
  A plant (D:3)
1 creature vanquished.

Grand Total: 79 creatures vanquished

Notes
Turn   | Place    | Note
-------+----------+-------------------------------------------
     0 | D:1      | cheesebisquit the Minotaur Berserker began the quest for
                  | the Orb.
     0 | D:1      | Reached XP level 1. HP: 19/19 MP: 0/0
    95 | D:1      | Reached XP level 2. HP: 26/27 MP: 1/1
   609 | D:1      | You fall into a shaft and drop 1 floor!
   637 | D:2      | Reached ** piety under Trog
   638 | D:2      | Reached XP level 3. HP: 21/33 MP: 2/2
   786 | D:2      | Found a faded altar of an unknown god.
   910 | D:2      | Identified the +10 spear "Dangu" {holy, rPois Int+4}
  1026 | D:2      | Reached XP level 4. HP: 35/41 MP: 3/3
  1630 | D:3      | Found a blossoming altar of Fedhas.
  1665 | D:3      | Identified the +7 hand axe of Conscience {pain, rF+ rC-
                  | Dex+4}
  1692 | D:3      | Noticed an ogre
  1698 | D:3      | Killed an ogre
  1699 | D:3      | Reached XP level 5. HP: 47/47 MP: 4/4
  2181 | D:4      | Noticed Pikel
  2181 | D:4      | Noticed a lemure
  2181 | D:4      | Noticed a lemure
  2192 | D:4      | Reached skill level 5 in Fighting
  2192 | D:4      | Noticed Natasha
  2198 | D:4      | Reached skill level 5 in Maces & Flails
  2201 | D:4      | Killed Natasha
  2208 | D:4      | Reached XP level 6. HP: 45/56 MP: 5/5
  2231 | D:4      | Killed Pikel
  2232 | D:4      | Reached skill level 5 in Armour
  2232 | D:4      | Reached XP level 7. HP: 52/63 MP: 6/6
  2390 | D:4      | Reached skill level 5 in Dodging
  2607 | D:4      | Noticed Natasha
  2618 | D:4      | Killed Natasha
  2669 | D:4      | Noticed Natasha
  2676 | D:4      | Killed Natasha
  3039 | D:4      | Reached XP level 8. HP: 71/71 MP: 7/7
  3186 | D:4      | Found a staircase to the Ecumenical Temple.
  3194 | D:4      | Mangled by an ogre

Illustrated notes

Levels and vault maps discovered:
D:1:      nicolae_arrival_washed_ashore, layout_rooms, serial_shops,
          nicolae_square_shop, minmay_misc_feat_encased, serial_park_tiny_pond
D:2:      layout_basic, hellmonk_ecumenical_altar_leap_of_faith,
          minmay_hedge_maze, st_stairs_4, moated_statue
D:3:      layout_loops_ring, fedhas_altar_2, serial_bayou_pond_c,
          serial_bayou_pond_a
D:4:      layout_basic, minmay_temple_entry_poolview, gup_sewer_entry_spiral,
          uniq_pikel, uniq_natasha

Skill      XL: |  1  2  3  4  5  6  7 |
---------------+----------------------+-----
Fighting       | 4 5 6 |  6.6
Maces & Flails | 4 5 6 |  6.6
Armour         | 3 4 5 6 |  6.0
Dodging        | 3 4 5 |  5.5

Action                   |  1- 3 |  4- 6 |  7- 9 || total
-------------------------+-------+-------+-------++-------
Melee: Mace              |    62 |    43 |       ||   105
       Headbutt          |     8 |     9 |    12 ||    29
       Punch             |     1 |       |       ||     1
       Flail             |       |    19 |    54 ||    73
Invok: Berserk           |     2 |     1 |     1 ||     4
       Trog's Hand       |     1 |       |       ||     1
  Use: Scroll            |       |     5 |       ||     5
Armor: Animal skin       |    15 |       |       ||    15
       Scale mail        |     8 |    19 |    17 ||    44
Dodge: Dodged            |    47 |    33 |    22 ||   102
